 Dungeon Crawl Stone Soup version 0.17-a0-1311-gbcbd859 (webtiles) character file.

183351 Kidiri the Warrior (level 17, -4/165 HPs)
             Began as a Minotaur Fighter on June 7, 2015.
             Was the Champion of Okawaru.
             Drowned by a drowned soul (16 damage)
             ... summoned by a merfolk avatar
             ... on level 1 of the Shoals on June 8, 2015.
             The game lasted 04:33:40 (42786 turns).

Kidiri the Warrior (Minotaur Fighter)              Turns: 42786, Time: 04:33:41

Health: -4/165     AC: 22    Str: 23    XL:     17   Next: 74%
Magic:  12/20      EV:  6    Int: 14    God:    Okawaru [******]
Gold:   2618       SH: 23    Dex: 14    Spells: 0 memorised, 16 levels left

rFire  + + +     SeeInvis .     b - +3 flail of Taipsa {freeze, *Confuse +Blink rF++ Int+2}
rCold  . . .     Clarity  .     I - +1 plate armour {rPois}
rNeg   . . .     SustAt   +     F - +1 large shield {rF+}
rPois  +         Gourm    .     A - +0 hat of the Undertaker {rElec rPois rF+ Dex+3}
rElec  +         Spirit   .     M - +2 cloak
rCorr  +         Warding  .     U - +1 pair of gloves
rMut   .         Stasis   .     O - +0 pair of boots "Yskiarun" {rElec Int+7}
MR     ++...                    x - amulet of resist corrosion
Stlth  ..........               r - ring of sustain attributes
                                Y - +4 ring of slaying

@: mesmerised, very resistant to hostile enchantments, extremely unstealthy
A: retaliatory headbutt, horns 2, deformed body, deterioration 1, fire
resistance 1, low mp 1, magic resistance 1, electricity resistance, weak 2,
MP-powered wands
a: Heroism, Finesse, Renounce Religion, Evoke Blink


You were on level 1 of the Shoals.
You worshipped Okawaru.
Okawaru was exalted by your worship.
You were not hungry.

You visited 6 branches of the dungeon, and saw 30 of its levels.
You also visited: Sewer and Volcano.

You collected 3480 gold pieces.
You spent 862 gold pieces at shops.

Inventory:

Hand weapons
 b - the +3 flail of Taipsa (weapon) {freeze, *Confuse +Blink rF++ Int+2}
   (Okawaru gifted it to you on level 12 of the Dungeon)

   It has been specially enchanted to freeze those struck by it, causing extra
   injury to most foes and up to half again as much damage against particularly
   susceptible opponents.
   It can also slow down cold-blooded creatures.
   It affects your intelligence (+2).
   It greatly protects you from fire.
   It lets you blink.
   It may confuse you when you take damage.
 d - the +5 arbalest of Eternity {penet, +Blink rF- Str+6 Int+4}
   (You bought it in a shop on level 6 of the Dungeon)

   Ammo fired by it will pass through the targets it hits, potentially hitting
   all targets in its path until it reaches maximum range.
   It affects your strength (+6).
   It affects your intelligence (+4).
   It makes you vulnerable to fire.
   It lets you blink.
 N - a +4 eveningstar of protection
Missiles
 m - 185 bolts
 p - 6 poisoned bolts
 v - 5 throwing nets (quivered)
 B - 15 bolts of penetration
 L - 9 silver bolts
Armour
 A - the +0 hat of the Undertaker (worn) {rElec rPois rF+ Dex+3}
   (You acquired it on level 1 of the Snake Pit)

   It affects your dexterity (+3).
   It protects you from fire.
   It insulates you from electricity.
   It protects you from poison.
 F - a +1 large shield of fire resistance (worn)
 I - a +1 plate armour of poison resistance (worn)
 M - a +2 cloak (worn)
 O - the +0 pair of boots "Yskiarun" (worn) {rElec Int+7}
   (Okawaru gifted it to you on level 10 of the Dungeon)

   It affects your intelligence (+7).
   It insulates you from electricity.
 U - a +1 pair of gloves (worn)
Jewellery
 e - an uncursed amulet of resist mutation
 h - an uncursed ring of protection from magic
 j - an uncursed ring of protection from cold
 k - an uncursed ring of positive energy
 l - an uncursed amulet of stasis
 r - a ring of sustain attributes (right hand)
 w - an uncursed ring of see invisible
 x - an amulet of resist corrosion (around neck)
 y - a +3 ring of intelligence
 Q - a +3 ring of dexterity
 Y - a +4 ring of slaying (left hand)
Magical devices
 c - a wand of lightning (7)
 s - a wand of paralysis (10)
Scrolls
 g - 3 scrolls of identify
 q - 7 scrolls of teleportation
 t - 8 scrolls of remove curse
 u - 2 scrolls of fog
 S - 4 scrolls of immolation
 V - 3 scrolls of fear
 W - 3 scrolls of recharging
 Z - 2 scrolls of blinking
Potions
 i - 2 potions of curing
 n - a potion of agility
 o - 4 potions of magic
 z - 4 potions of brilliance
 G - a potion of flight
 H - 2 potions of berserk rage
 T - a potion of might
Comestibles
 f - 14 meat rations
 C - a royal jelly
 E - 6 bread rations


   Skills:
 * Level 18.3 Fighting
 + Level 13.1 Maces & Flails
 * Level 18.3 Armour
 * Level 18.0 Shields
 - Level 9.1 Invocations
 + Level 3.5 Evocations


You had 16 spell levels left.
You didn't know any spells.

Dungeon Overview and Level Annotations

Branches:
Dungeon (15/15)            Temple (1/1) D:7            Lair (8/8) D:10
 Shoals (1/4) Lair:4        Snake (1/4) Lair:3        Slime (0/6) Lair:8
    Orc (4/4) D:9             Elf (0/3) Orc:4        Vaults (0/5) D:13
 Depths (0/5) D:15

Altars:
Ashenzari
Cheibriados
Dithmenos
Elyvilon
Fedhas
Gozag
Kikubaaqudgha
Makhleb
Nemelex Xobeh
Okawaru
Qazlal
Ru
Sif Muna
Trog
Vehumet
Xom
Yredelemnul
Zin
The Shining One
Beogh

Shops:
D:6 *   D:7 *   Orc:4 (?*(


Innate Abilities, Weirdness & Mutations

You reflexively headbutt those who attack you in melee.
You have a pair of horns on your head.
Armour fits poorly on your strangely shaped body.
Your body sometimes deteriorates upon taking damage.
Your flesh is heat resistant.
Your magical capacity is low (-10% MP).
You are resistant to hostile enchantments.
You are resistant to electric shocks.
You are very weak. (Str -4)
You expend magic power (3 MP) to strengthen your wands.


Message History

The water nymph touches you.
* * * LOW HITPOINT WARNING * * *
The water nymph drowns you!
* * * LOW HITPOINT WARNING * * *
Unknown command.
The water nymph touches you. The water nymph drowns you!
* * * LOW HITPOINT WARNING * * *
Unknown command.
The merfolk avatar chants a haunting song.
You are mesmerised by the merfolk avatar!
You block the water nymph's attack.
Unknown command.
Evoke which item? (* to show all) (? for menu, Esc to quit)
Zapping:
s - a wand of paralysis {zapped: 2} (will waste charges)
Press: ? - help, Shift-Dir - straight line, f - water nymph, p - merfolk avatar
Aim: a water nymph (moderately wounded, chance to defeat MR: 4%)
The water nymph resists with almost no effort.
Evoking this partially-identified wand wasted a few charges.
The drowned soul touches you. The drowned soul drowns you!
You die...

≈≈≈≈≈≈≈≈......≈≈≈≈≈≈≈≈≈≈
≈≈≈≈..≈≈....≈m≈≈≈≈≈≈≈≈≈≈
≈≈≈≈..≈.......≈≈≈≈≈≈≈≈≈≈
≈≈≈≈≈≈≈...##.≈≈≈≈≈≈≈≈≈≈≈
≈≈≈≈≈W≈.####.≈≈≈≈≈≈≈≈≈≈≈
.###Wm≈.# #..≈≈≈≈≈≈≈≈≈
#≈≈≈.###...≈≈≈≈≈≈≈
#..≈.m≈..≈≈≈≈≈≈≈≈
##.≈@≈≈.....≈≈≈≈
#.≈..).........
##..........##
#...?......#
#..........#
#............
#≈≈.......≈>≈
#≈≈≈≈≈≈≈≈≈≈≈≈
≈≈≈≈≈≈≈≈≈≈≈≈≈


You could see a merfolk avatar, a water nymph and 2 drowned souls.

Vanquished Creatures
  Roxanne (D:14)
  An orc warlord (Orc:3)
  4 dire elephants (Lair:8)
  Snorg (D:14)
  An ettin (Orc:4)
  4 vault guards (D:13)
  Josephine (Orc:3)
  8 hydras
  A ghost crab (shapeshifter) (D:15)
  A naga warrior (Snake:1)
  2 anacondas
  4 centaur warriors (D:13)
  A merfolk avatar (Shoals:1)
  A salamander stormcaller (D:15)
  2 tengu warriors
  2 catoblepae (Lair:8)
  3 ogre magi
  7 death yaks
  A queen ant (D:10)
  An orc high priest (Orc:3)
  Urug (Orc:3)
  A naga sharpshooter (Snake:1)
  2 shock serpents (Snake:1)
  A fire crab (shapeshifter) (D:13)
  A deep troll (Orc:4)
  An iron troll (Orc:4)
  5 skeletal warriors (D:12)
  4 unseen horrors
  An ice statue (D:12)
  8 hill giants
  A wizard (D:14)
  A giant orange brain (D:15)
  6 cyclopes
  2 orc sorcerers
  4 orc knights
  A hornet (shapeshifter) (D:15)
  10 ugly things
  A salamander (Snake:1)
  A wolf spider (shapeshifter) (D:15)
  18 elephants
  A griffon (Lair:5)
  A moth of wrath (shapeshifter) (D:13)
  3 centaur zombies
  A manticore (D:11)
  15 black mambas
  2 naga magi (Snake:1)
  Joseph (Lair:1)
  A guardian serpent (Snake:1)
  A torpor snail (Lair:8)
  16 spiny frogs
  The ghost of Charly the Martial Artist, an experienced DsMo of Cheibriados (D:7)
  2 gargoyles
  A yaktaur (D:15)
  2 centaur skeletons
  A tengu conjurer (D:13)
  A fire drake (Lair:6)
  11 komodo dragons
  2 polar bears
  9 two-headed ogres
  2 merfolk
  A harpy skeleton (D:15)
  13 trolls
  12 slime creatures
  26 blink frogs
  A snapping turtle (Lair:4)
  8 ravens
  3 deep elf magi
  2 flying skulls (Volcano)
  3 shadows
  4 wraiths
  64 yaks
  13 hippogriffs
  A hippogriff (shapeshifter) (D:15)
  4 wyverns
  7 vampire mosquitoes
  4 hungry ghosts
  6 basilisks
  5 wargs
  14 wolves
  A deep elf fighter (D:10)
  7 nagas (Snake:1)
  7 soldier ants
  17 water moccasins
  31 orc warriors
  A black bear (D:9)
  A wasp (D:15)
  5 ice beasts
  4 sky beasts
  10 porcupines
  8 phantoms
  29 ogres
  2 necrophages
  15 centaurs
  15 crocodiles
  A big kobold (D:9)
  A gnoll sergeant (D:5)
  15 giant frogs
  A wyvern zombie (D:8)
  A wyvern skeleton (D:11)
  A water moccasin skeleton (D:7)
  3 scorpions
  9 killer bees
  8 wights
  4 electric eels
  2 quasits
  7 crimson imps
  30 orc priests
  A giant frog zombie (D:7)
  4 jellies
  10 hounds
  Crazy Yiuf (D:2)
  3 gnoll shamans (D:5)
  3 giant frog skeletons
  35 orc wizards
  Jessica (D:3)
  35 worker ants
  12 iguanas
  17 sheep
  6 ogre zombies (D:9)
  2 hound skeletons
  3 mummies (Volcano)
  46 river rats
  46 gnolls
  16 adders
  6 shadow imps
  2 oozes (D:4)
  An adder skeleton (D:9)
  An adder zombie (D:5)
  3 worms
  4 giant geckos
  172 orcs
  6 ball pythons
  28 bats
  A bat skeleton (D:7)
  27 goblins
  22 hobgoblins
  5 quokkas
  4 giant cockroaches
  A giant gecko skeleton (D:6)
  8 giant newts
  2 goblin skeletons (D:9)
  A goblin zombie (D:9)
  A hobgoblin skeleton (D:9)
  3 hobgoblin zombies (D:9)
  29 jackals
  A jackal skeleton (D:5)
  31 kobolds
  An orc skeleton (D:9)
  11 orc zombies (D:9)
  28 rats
  A fungus (D:10)
  5 plants
1264 creatures vanquished.

Vanquished Creatures (others)
  An iguana (D:14)
  5 sheep (D:3)
  10 fungi (Lair:8)
  7 plants (Lair:8)
23 creatures vanquished.

Grand Total: 1287 creatures vanquished

Notes
Turn   | Place    | Note
--------------------------------------------------------------
     0 | D:1      | Kidiri the Minotaur Fighter began the quest for the Orb.
     0 | D:1      | Reached XP level 1. HP: 19/19 MP: 0/0
   178 | D:1      | Reached XP level 2. HP: 25/27 MP: 1/1
   429 | D:1      | Reached skill level 4 in Armour
   888 | D:2      | Reached XP level 3. HP: 29/33 MP: 2/2
  1097 | D:2      | Reached XP level 4. HP: 40/40 MP: 3/3
  1144 | D:2      | Noticed Crazy Yiuf
  1150 | D:2      | Killed Crazy Yiuf
  1650 | D:3      | Noticed Jessica
  1653 | D:3      | Killed Jessica
  1872 | D:3      | Found a shimmering altar of Xom.
  1964 | D:3      | Reached XP level 5. HP: 40/47 MP: 4/4
  2412 | D:4      | Reached skill level 5 in Shields
  2427 | D:4      | Found an ancient bone altar of Kikubaaqudgha.
  2432 | D:4      | Reached skill level 5 in Armour
  2439 | D:4      | Found a burning altar of Makhleb.
  2439 | D:4      | Found an iron altar of Okawaru.
  2439 | D:4      | Found a sparkling altar of Nemelex Xobeh.
  2450 | D:4      | Reached skill level 5 in Fighting
  2463 | D:4      | Became a worshipper of Warmaster Okawaru
  2560 | D:4      | Found a glowing drain.
  2564 | D:4      | Reached XP level 6. HP: 40/56 MP: 5/5
  2592 | Sewer    | Entered a sewer
  3842 | D:4      | Noticed an ogre
  3855 | D:4      | Killed an ogre
  3855 | D:4      | Acquired Okawaru's first power
  3855 | D:4      | Reached skill level 6 in Fighting
  3855 | D:4      | Reached XP level 7. HP: 48/63 MP: 6/6
  4259 | D:5      | Entered Level 5 of the Dungeon
  4756 | D:5      | Reached skill level 1 in Invocations
  5214 | D:5      | Reached XP level 8. HP: 65/71 MP: 8/8
  5220 | D:5      | Reached skill level 7 in Shields
  6059 | D:5      | Got a smoking ring mail
  6070 | D:5      | Identified the +0 ring mail "Metiuphu" {rF+ Dex+3 SInv Stlth+} (You took it off a gnoll on level 5 of the Dungeon)
  6118 | D:5      | Reached skill level 5 in Maces & Flails
  6348 | D:6      | Found Hezaza's General Store.
  6398 | D:6      | Found a bloodstained altar of Trog.
  6442 | D:6      | Reached skill level 8 in Shields
  6500 | D:6      | Reached XP level 9. HP: 53/81 MP: 10/10
  7135 | D:6      | Found a shadowy altar of Dithmenos.
  7136 | D:6      | Found a snail-covered altar of Cheibriados.
  7136 | D:6      | Found a deep blue altar of Sif Muna.
  7618 | D:7      | Gained mutation: Your flesh is heat resistant. [potion of mutation]
  7618 | D:7      | Gained mutation: You are resistant to electric shocks. [potion of mutation]
  7618 | D:7      | Gained mutation: You can spit weak poison. [potion of mutation]
  7717 | D:7      | Found Uqeo's Assorted Antiques.
  7725 | D:7      | Reached skill level 9 in Fighting
  7760 | D:7      | Noticed Charly's ghost (experienced DsMo)
  7812 | D:7      | Killed Charly's ghost
  8174 | D:7      | Found a staircase to the Ecumenical Temple.
  8184 | Temple   | Entered the Ecumenical Temple
  8326 | D:7      | Found a glowing golden altar of the Shining One.
  8329 | D:7      | Found a glowing silver altar of Zin.
  8330 | D:7      | Found a white marble altar of Elyvilon.
  8623 | D:7      | Gained mutation: Your body sometimes deteriorates upon taking damage. [mutagenic meat]
  8624 | D:7      | Gained mutation: You are resistant to hostile enchantments. [mutagenic meat]
  8626 | D:7      | Lost mutation: You can spit weak poison. [mutagenic meat]
  9567 | D:8      | Reached XP level 10. HP: 89/92 MP: 11/11
  9713 | D:7      | Noticed a hill giant
  9857 | D:7      | Killed a hill giant
  9857 | D:7      | Reached skill level 10 in Fighting
  9857 | D:7      | Reached skill level 10 in Shields
 10401 | D:9      | Reached skill level 10 in Armour
 10491 | D:9      | Found a staircase to the Orcish Mines.
 10509 | D:9      | Acquired Okawaru's second power
 10715 | D:9      | Found a shimmering altar of Xom.
 11253 | D:9      | Found a blossoming altar of Fedhas.
 11265 | D:9      | Found a stormy altar of Qazlal.
 11712 | Orc:1    | Entered Level 1 of the Orcish Mines
 11712 | Orc:1    | Found a roughly hewn altar of Beogh.
 12315 | Orc:1    | Reached skill level 11 in Shields
 12859 | Orc:2    | Reached skill level 5 in Invocations
 13049 | Orc:2    | Found a dark tunnel.
 13070 | Volcano  | Entered a volcano
 13280 | Volcano  | Received a gift from Okawaru
 13280 | Volcano  | Reached XP level 11. HP: 99/102 MP: 13/13
 14240 | Orc:3    | Noticed Urug
 14267 | Orc:3    | Killed Urug
 14392 | Orc:3    | Noticed an orc warlord
 15042 | Orc:3    | Killed an orc warlord
 17325 | Orc:2    | Received a gift from Okawaru
 17621 | Orc:3    | Reached skill level 12 in Fighting
 17738 | Orc:3    | Found a roughly hewn altar of Beogh.
 17742 | Orc:3    | Noticed an orc high priest
 18282 | Orc:3    | Noticed a sun demon
 18283 | Orc:3    | Lost intelligence.
 18322 | Orc:2    | Lost intelligence.
 18651 | D:6      | Bought the +5 arbalest of Eternity {penet, +Blink rF- Str+6 Int+4} for 862 gold pieces
 19202 | D:10     | Entered Level 10 of the Dungeon
 19506 | D:10     | Found a staircase to the Lair.
 20167 | D:10     | Noticed a hill giant
 20198 | D:10     | Killed a hill giant
 20198 | D:10     | Reached XP level 12. HP: 113/113 MP: 15/15
 20234 | D:10     | Noticed a queen ant
 20249 | D:10     | Killed a queen ant
 20249 | D:10     | Received a gift from Okawaru
 20250 | D:10     | Got a pair of spiked boots {god gift}
 20368 | D:10     | Identified the +0 pair of boots "Yskiarun" {rElec Int+7} (Okawaru gifted it to you on level 10 of the Dungeon)
 21094 | Lair:1   | Entered Level 1 of the Lair of Beasts
 21131 | Lair:1   | Noticed Joseph
 21149 | Lair:1   | Killed Joseph
 21827 | Lair:2   | Reached skill level 13 in Fighting
 22502 | Lair:2   | Reached XP level 13. HP: 121/123 MP: 15/17
 22632 | Lair:2   | You fall through a shaft!
 23325 | Lair:3   | Reached skill level 14 in Fighting
 23347 | Lair:3   | Received a gift from Okawaru
 23553 | Lair:3   | Found a staircase to the Snake Pit.
 24213 | Lair:2   | Reached XP level 14. HP: 111/133 MP: 18/18
 24420 | Lair:2   | Upgraded the game from 0.17-a0-1301-ga863c44 to 0.17-a0-1311-gbcbd859
 24640 | Lair:4   | You fall through a shaft for 2 floors!
 24846 | Lair:5   | Reached skill level 10 in Maces & Flails
 25703 | Lair:4   | Found a staircase to the Shoals.
 26884 | Lair:5   | Reached skill level 15 in Fighting
 27341 | Lair:4   | Received a gift from Okawaru
 27342 | Lair:4   | Got an encrusted dire flail {god gift}
 27355 | Lair:4   | Identified the +1 dire flail of Beyond {elec, *Rage rN++ Int+4} (Okawaru gifted it to you on level 4 of the Lair of Beasts)
 28394 | Lair:7   | Reached skill level 15 in Shields
 28478 | Lair:7   | Reached skill level 15 in Armour
 29789 | Lair:8   | Entered Level 8 of the Lair of Beasts
 29834 | Lair:8   | Received a gift from Okawaru
 30312 | Lair:8   | Reached XP level 15. HP: 143/143 MP: 20/20
 30514 | Lair:8   | Found a staircase to the Slime Pits.
 30972 | Lair:8   | Identified a scroll of acquirement
 31017 | Lair:8   | Received a gift from Okawaru
 31350 | Lair:8   | Reached skill level 16 in Fighting
 32413 | Orc:3    | Killed an orc high priest
 32531 | Orc:3    | Reached XP level 16. HP: 149/152 MP: 21/21
 32747 | Orc:4    | Entered Level 4 of the Orcish Mines
 32752 | Orc:4    | Noticed Josephine
 32924 | Orc:3    | Killed Josephine
 33048 | Orc:4    | Found a staircase to the Elven Halls.
 33219 | Orc:4    | Found Sugaolics's Magic Scroll Emporium.
 33309 | Orc:4    | Found Jaozeirgh's Weapon Boutique.
 33343 | Orc:4    | Found Kecotuh's Antique Weapon Shoppe.
 33345 | Orc:4    | Found Keij's Assorted Antiques.
 33964 | Snake:1  | Entered Level 1 of the Snake Pit
 33989 | Snake:1  | Received a gift from Okawaru
 34005 | Snake:1  | Reached skill level 17 in Armour
 34465 | Snake:1  | Got a polished hat
 34476 | Snake:1  | Identified the +0 hat of the Undertaker {rElec rPois rF+ Dex+3} (You acquired it on level 1 of the Snake Pit)
 34553 | Snake:1  | Gained mutation: Your magical capacity is low (-10% MP). [mutagenic meat]
 35717 | D:11     | Gained mutation: Scrolls take you a little longer to read. [mutagenic meat]
 35938 | D:11     | Lost mutation: Scrolls take you a little longer to read. [mutagenic meat]
 37153 | D:12     | Received a gift from Okawaru
 37157 | D:12     | Got a pitted flail {god gift}
 37158 | D:12     | Identified the +3 flail of Taipsa {freeze, *Confuse +Blink rF++ Int+2} (Okawaru gifted it to you on level 12 of the Dungeon)
 37374 | D:12     | Reached XP level 17. HP: 148/161 MP: 20/20
 38555 | D:12     | Reached skill level 1 in Evocations
 39444 | D:13     | Found a gate to the Vaults.
 39481 | D:13     | Received a gift from Okawaru
 39846 | D:14     | Noticed Snorg
 39860 | D:14     | Killed Snorg
 39951 | D:14     | Reached skill level 18 in Armour
 40017 | D:14     | Noticed Roxanne
 40059 | D:14     | Killed Roxanne
 40061 | D:14     | Identified Roxanne's Papyrus of Transmutation (You took it off Roxanne on level 14 of the Dungeon)
 40814 | D:15     | Entered Level 15 of the Dungeon
 42144 | D:15     | Gained mutation: You expend magic power (3 MP) to strengthen your wands. [mutagenic meat]
 42145 | D:15     | Gained mutation: Armour fits poorly on your strangely shaped body. [mutagenic meat]
 42146 | D:15     | Gained mutation: You are weak. (Str -2) [mutagenic meat]
 42148 | D:15     | Found a staircase to the Depths.
 42323 | D:15     | Gained mutation: Your mind is acute. (Int +2) [mutagenic meat]
 42324 | D:15     | Lost mutation: Your mind is acute. (Int +2) [mutagenic meat]
 42325 | D:15     | Gained mutation: You are very weak. (Str -4) [mutagenic meat]
 42644 | Shoals:1 | Entered Level 1 of the Shoals
 42786 | Shoals:1 | Drowned by a drowned soul

Vault maps used:
D:1:      noname_arrival_rooms_in_the_neighbourhood
D:2:      uniq_crazy_yiuf_cottage
D:3:      kb_xom_exploding_sheep, uniq_jessica
D:4:      grunt_temple_overflow_open, portal_sewer_entry_b, first_bread,
          minmay_strange_pillars
D:5:      lemuel_castle_with_subvaults
D:6:      minitemple, serial_shops, nicolae_shop_stone,
          trog_three_pillars_becter
D:7:      good_gods_temple_1, minmay_temple_entry_junction, serial_shops, shop,
          kennysheep_decorative_pillar, kennysheep_generic_room_5
D:9:      grunt_temple_overflow_forces_of_nature, old_standard_altar,
          zombieorc1_lemuel
D:10:     grunt_lair_entry_elf_guard_hut, zaba_antful_of_joy
D:11:     minmay_four_partial_circles
D:12:     lemuel_ice_statue, hangedman_fish_farm
D:13:     lightli_vaults_fourway_checkpoint, serial_co_window_serial,
          co_window_corner_a, co_window_of_opportunity_a,
          co_window_of_opportunity_a, co_window_corner_a, co_window_corner_a,
          co_window_cross_2, co_window_unsneaky_path_a,
          co_window_unsneaky_path_c, co_window_broadway_c, glass_columns_a,
          glass_columns_b, glass_columns_c
D:14:     minivault_14, serial_corexii_hall, corexii_hall_statues_t,
          corexii_hall_statues_t, uniq_snorg, uniq_roxanne
D:15:     gammafunk_enter_depths_forms, minmay_misc_feat_diagonals
Temple:   circular_temple_6
Lair:1:   uniq_joseph
Lair:3:   minmay_snake_entry_six_corridors, nicolae_quartered_pool_super
Lair:4:   minmay_shoals_entry_hut, lab_entry_generic
Lair:6:   small_statue_intersection, minivault_24
Lair:7:   small_statue_intersection, beast_lair_carwin_1
Lair:8:   due_jungle_book, dpeg_slime_entry_corner, nicolae_lair_yak_garden
Shoals:1: nicolae_shoals_cliffside_cave
Snake:1:  lightli_airlock, grunt_megastairs_4
Orc:1:    basic_altar
Orc:2:    enter_volcano_2
Orc:3:    orc_temple, nicolae_orc_pool_cavern, uniq_urug
Orc:4:    st_orc_open, uniq_josephine
Sewer:    sewer_co_scattered_pipes
Volcano:  volcano_tomb

Action                   |  1- 3 |  4- 6 |  7- 9 | 10-12 | 13-15 | 16-18 || total
-------------------------+-------+-------+-------+-------+-------+-------++-------
Melee: Flail             |    80 |   245 |   648 |   722 |   246 |   797 ||  2738
       Whip              |       |       |    13 |    86 |    18 |    64 ||   181
       Eveningstar       |       |       |       |   228 |   669 |   269 ||  1166
       Arbalest          |       |       |       |    10 |       |       ||    10
       Morningstar       |       |       |       |       |       |    53 ||    53
 Fire: Arbalest          |       |       |       |    47 |       |       ||    47
Throw: Throwing net      |       |       |     2 |     9 |       |       ||    11
       Tomahawk          |       |       |       |     5 |       |       ||     5
       Javelin           |       |       |       |     1 |       |       ||     1
 Abil: Spit Poison       |       |       |     1 |       |       |       ||     1
Evoke: Wand              |       |       |       |     1 |       |     8 ||     9
  Use: Potion            |     3 |     4 |     3 |     6 |     6 |     4 ||    26
       Scroll            |     3 |     4 |     7 |    10 |     8 |     8 ||    40
 Stab: Held in net/web   |       |       |     3 |       |       |       ||     3
       Sleeping          |       |       |       |     1 |       |       ||     1
  Eat: Chunk             |     1 |     3 |    14 |    17 |    11 |    38 ||    84
       Bread ration      |       |     2 |     1 |     1 |     2 |     2 ||     8
       Fruit             |       |       |     1 |     2 |    10 |    16 ||    29
       Pizza             |       |       |     1 |       |       |       ||     1
       Beef jerky        |       |       |       |     1 |     2 |       ||     3
       Meat ration       |       |       |       |     4 |       |       ||     4
       Royal jelly       |       |       |       |       |     1 |       ||     1
